 Dungeon Crawl Stone Soup version 0.29.0-4-gdea44cf6ec (webtiles) character file.

Game seed: 18264299743903272405

37961 qw the Brawler (level 13, -9/127 HPs)
             Began as a Troll Cinder Acolyte on Aug 31, 2022.
             Was a High Priest of Okawaru.
             Mangled by a wolf (16 damage)
             ... on level 3 of the Lair of Beasts.
             The game lasted 00:07:33 (12627 turns).

qw the Brawler (Troll Cinder Acolyte)              Turns: 12627, Time: 00:07:33

Health: -9/127     AC:  9    Str: 29    XL:     13   Next: 61%
Magic:  17/17      EV:  1    Int: 12    God:    Okawaru [*****.]
Gold:   994        SH:  0    Dex:  5    Spells: 14/14 levels left

rFire   . . .      SeeInvis .     - Unarmed
rCold   + . .      Faith    .   (no shield)
rNeg    . . .      Spirit   .   o - +0 troll leather armour
rPois   .          Reflect  .   k - +2 hat
rElec   .          Harm     .   (no cloak)
rCorr   +          Rampage  .   (gloves unavailable)
Will    .....                   (boots unavailable)
Stlth   ++........              (no amulet)
HPRegen 1.91/turn               m - ring of Kebeagga {Fly rC+ rCorr Int+2}
MPRegen 0.15/turn               a - +4 ring of evasion

@: lethally poisoned (-9 -> -10), sleeping, heroic, flying
A: large, unfitting armour, claws 3, regeneration 1, shaggy fur 1, tough skin 1
a: Renounce Religion, Heroism, Finesse, Duel


You were on level 3 of the Lair of Beasts.
You worshipped Okawaru.
Okawaru was extremely pleased with you.
You visited 3 branches of the dungeon, and saw 15 of its levels.
You also visited: Gauntlet.

You collected 994 gold pieces.


Innate Abilities, Weirdness & Mutations

You are too large for most types of armour.
You have claws for hands.
Your natural rate of healing is unusually fast.
You are covered in fur. (AC +1)
You have tough skin. (AC +1)


   Skills:
 - Level 8.0(13.0) Fighting
 + Level 7.5(12.5) Throwing
 - Level 2.1(7.1) Armour
 - Level 2.3(7.3) Dodging
 - Level 18.5(23.5) Unarmed Combat
 - Level 1.0 Spellcasting
 - Level 2.1 Fire Magic
 + Level 6.7 Invocations


You had 14 spell levels left.
You didn't know any spells.
Your spell library contained the following spells:

 Spells                   Type           Power      Damage    Failure   Level
 Scorch                   Fire           10%        2d5       21%         2

Inventory:

Missiles
 h - 4 silver javelins (quivered)
 i - 3 large rocks
 n - 13 boomerangs
Armour
 b - the +1 hat of Truth {*Slow rElec rCorr Dex+2}
   (You found it in a Gauntlet)

   Dex:       It affects your dexterity (+2).
   rElec:     It insulates you from electricity.
   rCorr:     It protects you from acid and corrosion.
   *Slow:     It may slow you when you take damage.
 k - a +2 hat (worn)
 o - a +0 troll leather armour (worn)
Jewellery
 a - a +4 ring of evasion (right claw)
 m - the ring of Kebeagga (left claw) {Fly rC+ rCorr Int+2}
   (You found it in a Gauntlet)

   [ring of resist corrosion]

   Int:       It affects your intelligence (+2).
   rC:        It protects you from cold.
   Fly:       It grants you flight.
   rCorr:     It protects you from acid and corrosion.
 Y - a +4 ring of protection
Scrolls
 c - 5 scrolls of identify
 j - 2 scrolls of enchant armour
 p - 3 scrolls of enchant weapon
Potions
 e - 3 potions of might
 f - 6 potions of curing
 g - 7 potions of resistance
 l - 2 potions of haste

Dungeon Overview and Level Annotations

Branches:
Dungeon (10/15)            Temple (1/1) D:6            Lair (4/5) D:10
  Swamp (0/4) Lair:2        Snake (0/4) Lair:2          Orc (0/2) D:10
Gauntlet (visited)
  Slime: Lair:4-5

Altars:
Ashenzari
Cheibriados
Dithmenos
Elyvilon
Fedhas
Gozag
Hepliaklqana
Kikubaaqudgha
Makhleb
Nemelex Xobeh
Okawaru
Qazlal
Ru
Sif Muna
Trog
Uskayaw
Vehumet
Wu Jian
Xom
Yredelemnul
Zin
The Shining One

Shops:
D:5 :

Portals:
Abyss: D:6

Annotations:
D:4 3 runed translucent doors, qw's ghost, amateur TrCA
D:6 2 transporters, qw's ghost, novice TeWr
D:9 2 transporters
Lair:1 3 runed translucent doors, qw's ghost, journeyman TeWr


Message History

You feel sick. The wolf bites you but does no damage. The wolf misses you.
The wolf completely misses you.
The water moccasin bites you but does no damage.
The wolf bites you.
You eviscerate the wolf!!!
You kill the wolf!
Okawaru accepts your kill.
You feel sick. The wolf closely misses you. The water moccasin bites you.
The wolf bites you!
12622 ||| DRINKING potion of heal wounds.
You feel much better.
You feel sick. The wolf bites you. The water moccasin bites you.
The wolf barely misses you. The wolf bites you! The wolf barely misses you.
You barely miss the dream sheep.
You feel sick. The wolf bites you! The water moccasin closely misses you.
The wolf closely misses you. The wolf barely misses you.
The dream sheep bites you!
You eviscerate the dream sheep!!!
You kill the dream sheep!
Okawaru accepts your kill.
You can now enter into single combat with a foe.
Okawaru will now gift you equipment as you gain piety.
You feel sick. The wolf closely misses you.
The water moccasin bites you but does no damage.
The wolf barely misses you. The wolf completely misses you.
The wolf misses you.
You claw the wolf!
The wolf is severely wounded.
The wolf closely misses you. The wolf bites you. The water moccasin bites you.
You are more poisoned.
The water moccasin poisons you! The wolf closely misses you.
You barely miss the wolf.
The wolf is severely wounded.
You feel very sick.
The wolf bites you. x2; The water moccasin closely misses you.
The wolf bites you but does no damage.
The dream sheep shake their wool and sparkle.
You feel drowsy...
You fall asleep.
You feel very sick. The wolf bites you!
You die...

..+ ...^..............%.........P
####.............................
P###.............................
.................................
.................................
.................................
......####...###...).......)...##
##...## ##.## #.Y...P##+P.#...#
#...#####..####@S..P###..
##?..#.##...##hhh..###...
.#.............YY...#.P..
.......##...#.#..........
#.#..####..#.##.....P#.. ..
###..###...###......## . ##...#
#.#....##..#####....###+##P.....
..P..#.###.P#.##....%..........#
................................


You could see a water moccasin, 3 wolves and 3 dream sheep.

Vanquished Creatures
  Gastronok (D:9)
  A minotaur (Gauntlet)
  3 hydras
  2 two-headed ogres (D:10)
  An orange crystal statue (Gauntlet)
  Pikel (D:9)
  A bog body (Lair:2)
  2 wolf spiders (Lair:1)
  A cyclops (D:10)
  10 elephants
  4 black mambas
  An unseen horror (D:10)
  10 cane toads
  2 rime drakes
  A komodo dragon (Lair:3)
  Psyche (D:9)
  A tyrant leech (Gauntlet)
  2 trolls
  2 polar bears
  2 hornets
  29 blink frogs
  A raiju (Gauntlet)
  4 dream sheep (Lair:3)
  2 wraiths (D:10)
  28 yaks
  8 fire elementals
  6 wyverns
  4 basilisks
  3 steam dragons
  3 vampire mosquitoes
  2 nagas (Lair:2)
  An acid dragon (D:9)
  9 water moccasins
  4 swamp worms (Gauntlet)
  2 ice beasts (D:6)
  A black bear (D:7)
  9 orc warriors
  4 sky beasts
  3 ogres
  10 wolves
  4 centaurs
  3 kobold brigands
  4 phantoms
  2 necrophages (D:6)
  9 bullfrogs
  4 scorpions
  8 wights
  A howler monkey (D:10)
  5 electric eels (D:10)
  8 orc priests
  3 hounds
  2 jellies
  A gnoll bouda (D:6)
  Jessica (D:2)
  2 iguanas
  10 orc wizards
  Robin (D:2)
  11 gnolls
  4 adders
  A shadow imp (D:5)
  4 white imps
  An ufetubus (D:7)
  2 worms (D:4)
  A dart slug (D:4)
  67 orcs
  3 ball pythons
  6 endoplasms
  3 giant cockroaches
  9 hobgoblins
  2 jackals (D:1)
  6 quokkas
  3 bats (D:1)
  2 frilled lizards (D:2)
  17 goblins
  18 kobolds
  6 rats
416 creatures vanquished.

Vanquished Creatures (others)
  3 demonic plants (Gauntlet)
  16 fungi
  23 plants
42 creatures vanquished.

Grand Total: 458 creatures vanquished

Notes
Turn   | Place    | Note
-------+----------+-------------------------------------------
     0 | D:1      | qw the Troll Cinder Acolyte began the quest for the Orb.
     0 | D:1      | Reached XP level 1. HP: 22/22 MP: 1/1
     0 | D:1      | 0 ||| qw: Version: 0.1-a-97-g2dd2ca4
     0 | D:1      | 0 ||| qw: Game counter: 4650
     0 | D:1      | 0 ||| qw: Always use a shield: true
     0 | D:1      | 0 ||| qw: God list: Okawaru
     0 | D:1      | 0 ||| qw: Allow faded altars: false
     0 | D:1      | 0 ||| qw: Do Orc after D:15 true
     0 | D:1      | 0 ||| qw: Do second Lair branch before Depths: true
     0 | D:1      | 0 ||| qw: Lair rune preference: random
     0 | D:1      | 0 ||| qw: Plans: Normal
     0 | D:1      | 0 ||| PLANNING D:1-11
    31 | D:1      | 31 ||| Stepping ~*~*~tactically~*~*~ (outnumbered).
   180 | D:1      | Reached XP level 2. HP: 29/29 MP: 2/2
   195 | D:1      | Found a snail-covered altar of Cheibriados.
   201 | D:1      | 201 ||| Stepping ~*~*~tactically~*~*~ (stealth).
   202 | D:1      | 202 ||| Stepping ~*~*~tactically~*~*~ (stealth).
   229 | D:1      | 229 ||| Stepping ~*~*~tactically~*~*~ (stealth).
   283 | D:1      | Reached skill level 4 in Unarmed Combat
   287 | D:1      | 287 ||| Stepping ~*~*~tactically~*~*~ (stealth).
   373 | D:1      | Found a faded altar of an unknown god.
   549 | D:1      | 549 ||| DROPPING ring of flight.
   550 | D:1      | 550 ||| READING scroll labelled TOITEE QOLUHIR.
   551 | D:1      | 551 ||| READING scroll labelled ERIUPP NEUM.
   552 | D:1      | 552 ||| READING scroll labelled ADEDAU TE YMUE.
   553 | D:1      | 553 ||| READING scroll labelled OGACVOESTE.
   554 | D:1      | 554 ||| Stepping randomly (stuck).
   555 | D:1      | 555 ||| Stepping ~*~*~tactically~*~*~ (cloud).
   616 | D:2      | Reached XP level 3. HP: 35/36 MP: 3/3
   627 | D:2      | Noticed Robin
   628 | D:2      | 628 ||| Stepping ~*~*~tactically~*~*~ (hiding).
   630 | D:2      | 630 ||| Stepping ~*~*~tactically~*~*~ (hiding).
   632 | D:2      | 632 ||| FLEEEEING.
   634 | D:2      | 634 ||| Stepping ~*~*~tactically~*~*~ (stealth).
   635 | D:2      | 635 ||| INVOKING Fiery Armour.
   636 | D:2      | 636 ||| Stepping ~*~*~tactically~*~*~ (outnumbered).
   640 | D:2      | Killed Robin
   642 | D:2      | 642 ||| Stepping ~*~*~tactically~*~*~ (outnumbered).
   647 | D:2      | 647 ||| Stepping ~*~*~tactically~*~*~ (outnumbered).
   773 | D:2      | Noticed Jessica
   778 | D:2      | Killed Jessica
   779 | D:2      | Reached skill level 5 in Unarmed Combat
   779 | D:2      | Reached XP level 4. HP: 43/44 MP: 4/4
   815 | D:2      | 815 ||| Stepping ~*~*~tactically~*~*~ (hiding).
  1148 | D:2      | 1148 ||| Stepping ~*~*~tactically~*~*~ (hiding).
  1273 | D:2      | 1273 ||| Stepping ~*~*~tactically~*~*~ (hiding).
  1276 | D:2      | 1276 ||| Stepping ~*~*~tactically~*~*~ (hiding).
  1277 | D:2      | 1277 ||| Stepping ~*~*~tactically~*~*~ (stealth).
  1278 | D:2      | 1278 ||| Stepping ~*~*~tactically~*~*~ (hiding).
  1284 | D:2      | Reached XP level 5. HP: 50/50 MP: 5/5
  1350 | D:2      | 1350 ||| Stepping ~*~*~tactically~*~*~ (stealth).
  1611 | D:2      | 1611 ||| READING scroll labelled QEMMUBLIJIDD.
  1612 | D:2      | 1612 ||| READING scroll labelled UPPAUR YHOIM.
  1613 | D:2      | 1613 ||| DRINKING 3 smoky brown potions.
  1614 | D:2      | 1614 ||| DRINKING 4 fuming silvery potions.
  1615 | D:2      | 1615 ||| DRINKING 2 emerald potions.
  1616 | D:2      | 1616 ||| DROPPING potion of degeneration.
  1674 | D:3      | 1674 ||| Stepping ~*~*~tactically~*~*~ (stealth).
  1675 | D:3      | 1675 ||| Stepping ~*~*~tactically~*~*~ (stealth).
  2432 | D:3      | 2432 ||| READING scroll labelled ATEUPI GESAWKARCH.
  2435 | D:3      | 2435 ||| READING 3 scrolls of identify.
  2435 | D:3      | 2435 ||| IDENTIFYING yellow potion
  2436 | D:3      | 2436 ||| READING 2 scrolls of identify.
  2436 | D:3      | 2436 ||| IDENTIFYING bubbling silvery potion
  2437 | D:3      | 2437 ||| DROPPING potion of flight.
  2469 | D:3      | 2469 ||| READING 2 scrolls of identify.
  2469 | D:3      | 2469 ||| IDENTIFYING coppery potion
  2470 | D:3      | 2470 ||| DROPPING potion of attraction.
  2508 | D:4      | Noticed a phantom
  2509 | D:4      | 2509 ||| Stepping ~*~*~tactically~*~*~ (stealth).
  2511 | D:4      | 2511 ||| Stepping ~*~*~tactically~*~*~ (stealth).
  2517 | D:4      | Killed a phantom
  2543 | D:4      | Found a shimmering blue altar of Sif Muna.
  2629 | D:4      | Reached skill level 6 in Unarmed Combat
  2666 | D:4      | Reached XP level 6. HP: 59/59 MP: 6/6
  2692 | D:4      | 2692 ||| Stepping ~*~*~tactically~*~*~ (stealth).
  2694 | D:4      | 2694 ||| Stepping ~*~*~tactically~*~*~ (stealth).
  2735 | D:4      | Identified the +9 spear "Himimiar" {vorpal, rC- rN+ MP-9
                  | Int+8}
  2764 | D:4      | Found a runed translucent gate.
  2764 | D:4      | Noticed qw's ghost (amateur TrCA)
  2766 | D:4      | Found a runed translucent gate.
  2766 | D:4      | Found a runed translucent gate.
  2845 | D:4      | 2845 ||| Stepping ~*~*~tactically~*~*~ (stealth).
  3088 | D:4      | 3088 ||| READING scroll labelled OTHES VUMIHO.
  3089 | D:4      | 3089 ||| READING scroll labelled QIERRO OKOIV.
  3090 | D:4      | 3090 ||| READING 2 scrolls of identify.
  3090 | D:4      | 3090 ||| IDENTIFYING green potion
  3124 | D:5      | Entered Level 5 of the Dungeon
  3124 | D:5      | Found Nigerid's Book Shop.
  3406 | D:5      | Reached skill level 7 in Unarmed Combat
  3531 | D:5      | 3531 ||| Stepping ~*~*~tactically~*~*~ (hiding).
  3534 | D:5      | 3534 ||| Stepping ~*~*~tactically~*~*~ (stealth).
  3544 | D:5      | Reached XP level 7. HP: 64/66 MP: 7/7
  4053 | D:5      | 4053 ||| DROPPING amulet of magic regeneration.
  4054 | D:5      | 4054 ||| UPGRADING to +4 ring of protection.
  4055 | D:5      | 4055 ||| READING scroll labelled DOVVEM JUECW.
  4056 | D:5      | 4056 ||| READING 6 scrolls of identify.
  4056 | D:5      | 4056 ||| IDENTIFYING amethyst potion
  4057 | D:5      | 4057 ||| DROPPING potion of brilliance.
  4091 | D:6      | Reached skill level 8 in Unarmed Combat
  4125 | D:6      | Noticed a rakshasa
  4130 | D:6      | Found a transporter.
  4152 | D:6      | Found a one-way gate to the infinite horrors of the Abyss.
  4152 | D:6      | Noticed qw's ghost (novice TeWr)
  4158 | D:6      | 4158 ||| FLEEEEING.
  4159 | D:6      | 4159 ||| FLEEEEING.
  4167 | D:6      | 4167 ||| FLEEEEING.
  4168 | D:6      | 4168 ||| FLEEEEING.
  4169 | D:6      | 4169 ||| FLEEEEING.
  4170 | D:6      | 4170 ||| FLEEEEING.
  4171 | D:6      | 4171 ||| FLEEEEING.
  4172 | D:6      | 4172 ||| FLEEEEING.
  4179 | D:6      | 4179 ||| Stepping ~*~*~tactically~*~*~ (hiding).
  4184 | D:6      | Reached skill level 3 in Fighting
  4184 | D:6      | 4184 ||| Stepping ~*~*~tactically~*~*~ (outnumbered).
  4188 | D:6      | 4188 ||| INVOKING Fiery Armour.
  4189 | D:6      | 4189 ||| Stepping ~*~*~tactically~*~*~ (hiding).
  4193 | D:6      | 4193 ||| Stepping ~*~*~tactically~*~*~ (outnumbered).
  4194 | D:6      | Reached skill level 3 in Throwing
  4194 | D:6      | 4194 ||| Stepping ~*~*~tactically~*~*~ (outnumbered).
  4200 | D:6      | 4200 ||| Stepping ~*~*~tactically~*~*~ (outnumbered).
  4203 | D:6      | 4203 ||| Stepping ~*~*~tactically~*~*~ (outnumbered).
  4215 | D:6      | Reached XP level 8. HP: 45/75 MP: 8/8
  4220 | D:6      | Reached skill level 9 in Unarmed Combat
  4226 | D:6      | Reached skill level 1 in Dodging
  4226 | D:6      | 4226 ||| Stepping ~*~*~tactically~*~*~ (outnumbered).
  4393 | D:6      | Found a staircase to the Ecumenical Temple.
  4395 | D:6      | 4395 ||| Stepping ~*~*~tactically~*~*~ (stealth).
  4396 | D:6      | 4396 ||| Stepping ~*~*~tactically~*~*~ (stealth).
  4544 | D:6      | Found a transporter.
  4680 | D:6      | Reached skill level 10 in Unarmed Combat
  4753 | D:6      | 4753 ||| READING scroll labelled QAIRU ZEURYGA.
  4788 | D:6      | 4788 ||| READING 5 scrolls of identify.
  4788 | D:6      | 4788 ||| IDENTIFYING inky potion
  4789 | D:6      | 4789 ||| DROPPING potion of ambrosia.
  4808 | D:7      | 4808 ||| STAIRDANCE
  4813 | D:7      | 4813 ||| STAIRDANCE
  4909 | D:7      | 4909 ||| Stepping ~*~*~tactically~*~*~ (hiding).
  4910 | D:7      | 4910 ||| Stepping ~*~*~tactically~*~*~ (hiding).
  5335 | D:7      | 5335 ||| Stepping ~*~*~tactically~*~*~ (stealth).
  5343 | D:7      | 5343 ||| Stepping ~*~*~tactically~*~*~ (outnumbered).
  5344 | D:7      | 5344 ||| Stepping ~*~*~tactically~*~*~ (outnumbered).
  5351 | D:7      | 5351 ||| INVOKING Fiery Armour.
  5351 | D:7      | HP: 17/74 [ogre/+0 giant spiked club (21)]
  5352 | D:7      | 5352 ||| READING scroll of teleportation.
  5353 | D:7      | 5353 ||| DRINKING 3 potions of heal wounds.
  5354 | D:7      | 5354 ||| Stepping ~*~*~tactically~*~*~ (outnumbered).
  5355 | D:7      | 5355 ||| Stepping ~*~*~tactically~*~*~ (outnumbered).
  5357 | D:7      | Reached XP level 9. HP: 40/81 MP: 9/9
  5358 | D:7      | 5358 ||| FLEEEEING.
  5359 | D:7      | 5359 ||| FLEEEEING.
  5366 | D:7      | Reached skill level 11 in Unarmed Combat
  5367 | D:7      | 5367 ||| FLEEEEING.
  5368 | D:7      | 5368 ||| Stepping ~*~*~tactically~*~*~ (stealth).
  5373 | D:7      | 5373 ||| Stepping ~*~*~tactically~*~*~ (stealth).
  5374 | D:7      | 5374 ||| Stepping ~*~*~tactically~*~*~ (stealth).
  5383 | D:7      | 5383 ||| Stepping ~*~*~tactically~*~*~ (stealth).
  5384 | D:7      | 5384 ||| Stepping ~*~*~tactically~*~*~ (stealth).
  5385 | D:7      | 5385 ||| Stepping ~*~*~tactically~*~*~ (stealth).
  5386 | D:7      | 5386 ||| Stepping ~*~*~tactically~*~*~ (stealth).
  5387 | D:7      | 5387 ||| Stepping ~*~*~tactically~*~*~ (stealth).
  5388 | D:7      | 5388 ||| Stepping ~*~*~tactically~*~*~ (stealth).
  5389 | D:7      | 5389 ||| Stepping ~*~*~tactically~*~*~ (stealth).
  5390 | D:7      | 5390 ||| Stepping ~*~*~tactically~*~*~ (stealth).
  5391 | D:7      | 5391 ||| Stepping ~*~*~tactically~*~*~ (stealth).
  5392 | D:7      | 5392 ||| FLEEEEING.
  5393 | D:7      | 5393 ||| FLEEEEING.
  5474 | D:7      | 5474 ||| Stepping ~*~*~tactically~*~*~ (hiding).
  5479 | D:7      | 5479 ||| Stepping ~*~*~tactically~*~*~ (hiding).
  5997 | D:7      | 5997 ||| READING scroll labelled ENERPH MENA.
  5998 | D:7      | 5998 ||| READING 5 scrolls of identify.
  5998 | D:7      | 5998 ||| IDENTIFYING metallic red potion
  5999 | D:7      | 5999 ||| DROPPING potion of berserk rage.
  6030 | D:8      | 6030 ||| STAIRDANCE
  6075 | D:8      | 6075 ||| STAIRDANCE
  6116 | D:8      | Reached skill level 12 in Unarmed Combat
  6159 | D:8      | 6159 ||| Stepping ~*~*~tactically~*~*~ (stealth).
  6162 | D:8      | 6162 ||| Stepping ~*~*~tactically~*~*~ (stealth).
  6229 | D:8      | 6229 ||| Stepping ~*~*~tactically~*~*~ (outnumbered).
  6230 | D:8      | 6230 ||| Stepping ~*~*~tactically~*~*~ (outnumbered).
  6231 | D:8      | 6231 ||| Stepping ~*~*~tactically~*~*~ (outnumbered).
  6234 | D:8      | 6234 ||| Stepping ~*~*~tactically~*~*~ (outnumbered).
  6235 | D:8      | 6235 ||| Stepping ~*~*~tactically~*~*~ (outnumbered).
  6237 | D:8      | 6237 ||| Stepping ~*~*~tactically~*~*~ (outnumbered).
  6438 | D:8      | 6438 ||| Stepping ~*~*~tactically~*~*~ (outnumbered).
  6505 | D:8      | 6505 ||| INVOKING Fiery Armour.
  6514 | D:8      | Reached XP level 10. HP: 77/96 MP: 10/10
  6813 | D:8      | 6813 ||| Stepping ~*~*~tactically~*~*~ (hiding).
  6815 | D:8      | 6815 ||| Stepping ~*~*~tactically~*~*~ (hiding).
  7001 | D:8      | 7001 ||| UPGRADING to ring of willpower.
  7002 | D:8      | 7002 ||| DRINKING 2 bubbling white potions.
  7003 | D:8      | 7003 ||| READING 4 scrolls of identify.
  7003 | D:8      | 7003 ||| IDENTIFYING bubbling grey potion
  7081 | D:9      | Found a transporter.
  7113 | D:9      | 7113 ||| Stepping ~*~*~tactically~*~*~ (stealth).
  7115 | D:9      | 7115 ||| Stepping ~*~*~tactically~*~*~ (stealth).
  7118 | D:9      | 7118 ||| Stepping ~*~*~tactically~*~*~ (hiding).
  7135 | D:9      | 7135 ||| INVOKING Fiery Armour.
  7136 | D:9      | 7136 ||| Stepping ~*~*~tactically~*~*~ (outnumbered).
  7139 | D:9      | 7139 ||| Stepping ~*~*~tactically~*~*~ (outnumbered).
  7141 | D:9      | 7141 ||| FLEEEEING.
  7142 | D:9      | 7142 ||| FLEEEEING.
  7143 | D:9      | 7143 ||| FLEEEEING.
  7144 | D:9      | 7144 ||| FLEEEEING.
  7145 | D:9      | 7145 ||| FLEEEEING.
  7146 | D:9      | 7146 ||| FLEEEEING.
  7148 | D:9      | 7148 ||| Stepping ~*~*~tactically~*~*~ (outnumbered).
  7202 | D:9      | 7202 ||| Stepping ~*~*~tactically~*~*~ (stealth).
  7203 | D:9      | 7203 ||| Stepping ~*~*~tactically~*~*~ (stealth).
  7237 | D:9      | Noticed Gastronok
  7238 | D:9      | 7238 ||| Stepping ~*~*~tactically~*~*~ (hiding).
  7255 | D:9      | Killed Gastronok
  7256 | D:9      | Reached skill level 13 in Unarmed Combat
  7269 | D:9      | Noticed Pikel
  7272 | D:9      | 7272 ||| INVOKING Fiery Armour.
  7277 | D:9      | 7277 ||| Stepping ~*~*~tactically~*~*~ (outnumbered).
  7278 | D:9      | 7278 ||| Stepping ~*~*~tactically~*~*~ (outnumbered).
  7279 | D:9      | 7279 ||| Stepping ~*~*~tactically~*~*~ (outnumbered).
  7280 | D:9      | 7280 ||| Stepping ~*~*~tactically~*~*~ (outnumbered).
  7281 | D:9      | 7281 ||| Stepping ~*~*~tactically~*~*~ (outnumbered).
  7289 | D:9      | 7289 ||| Stepping ~*~*~tactically~*~*~ (outnumbered).
  7291 | D:9      | Killed Pikel
  7292 | D:9      | Reached skill level 14 in Unarmed Combat
  7380 | D:9      | Found a transporter.
  7385 | D:9      | Found a sacrificial altar of Ru.
  7390 | D:9      | 7390 ||| Stepping ~*~*~tactically~*~*~ (hiding).
  7394 | D:9      | 7394 ||| INVOKING Fiery Armour.
  7395 | D:9      | 7395 ||| Stepping ~*~*~tactically~*~*~ (outnumbered).
  7399 | D:9      | 7399 ||| Stepping ~*~*~tactically~*~*~ (outnumbered).
  7403 | D:9      | Found a snail-covered altar of Cheibriados.
  7405 | D:9      | Found a hazy altar of Hepliaklqana.
  7405 | D:9      | Found a white marble altar of Elyvilon.
  7405 | D:9      | Found a shimmering altar of Xom.
  7405 | D:9      | Found an ornate altar of the Wu Jian Council.
  7405 | D:9      | Found an opulent altar of Gozag.
  7609 | D:9      | Noticed Psyche
  7615 | D:9      | Killed Psyche
  7616 | D:9      | Reached skill level 6 in Fighting
  7643 | D:9      | 7643 ||| Stepping ~*~*~tactically~*~*~ (stealth).
  7728 | D:9      | 7728 ||| Stepping ~*~*~tactically~*~*~ (hiding).
  7833 | D:9      | 7833 ||| UPGRADING to +1 hat.
  7838 | D:9      | 7838 ||| UPGRADING to +0 troll leather armour.
  7848 | D:9      | 7848 ||| DROPPING +0 robe.
  7849 | D:9      | 7849 ||| READING 2 scrolls of enchant armour.
  7849 | D:9      | 7849 ||| ENCHANTING +1 hat.
  7850 | D:9      | 7850 ||| DROPPING ring of wizardry.
  7856 | D:10     | Entered Level 10 of the Dungeon
  7857 | D:10     | Noticed a two-headed ogre
  7862 | D:10     | Killed a two-headed ogre
  7880 | D:10     | Found a staircase to the Lair.
  7901 | D:10     | 7901 ||| Stepping ~*~*~tactically~*~*~ (hiding).
  7903 | D:10     | 7903 ||| Stepping ~*~*~tactically~*~*~ (hiding).
  7915 | D:10     | Reached XP level 11. HP: 105/105 MP: 11/11
  7915 | D:10     | 7915 ||| Stepping ~*~*~tactically~*~*~ (stealth).
  7917 | D:10     | 7917 ||| FLEEEEING.
  7918 | D:10     | 7918 ||| FLEEEEING.
  7945 | D:10     | Reached skill level 6 in Throwing
  8012 | D:10     | 8012 ||| INVOKING Fiery Armour.
  8016 | D:10     | HP: 25/105 [electric eel/bolt of electricity (6)]
  8017 | D:10     | 8017 ||| DRINKING 4 potions of heal wounds.
  8021 | D:10     | 8021 ||| DRINKING 3 potions of heal wounds.
  8103 | D:10     | 8103 ||| Stepping ~*~*~tactically~*~*~ (stealth).
  8111 | D:10     | 8111 ||| Stepping ~*~*~tactically~*~*~ (stealth).
  8112 | D:10     | 8112 ||| Stepping ~*~*~tactically~*~*~ (stealth).
  8123 | D:10     | 8123 ||| Stepping ~*~*~tactically~*~*~ (hiding).
  8135 | D:10     | 8135 ||| INVOKING Fiery Armour.
  8136 | D:10     | 8136 ||| Stepping ~*~*~tactically~*~*~ (hiding).
  8170 | D:10     | 8170 ||| Stepping ~*~*~tactically~*~*~ (outnumbered).
  8172 | D:10     | 8172 ||| FLEEEEING.
  8173 | D:10     | 8173 ||| FLEEEEING.
  8174 | D:10     | 8174 ||| FLEEEEING.
  8202 | D:10     | Found a staircase to the Orcish Mines.
  8378 | D:10     | 8378 ||| INVOKING Fiery Armour.
  8382 | D:10     | 8382 ||| Stepping ~*~*~tactically~*~*~ (outnumbered).
  8390 | D:10     | 8390 ||| DRINKING 7 potions of curing.
  8390 | D:10     | 8390 ||| (to cure confusion)
  8503 | D:10     | 8503 ||| FLEEEEING.
  8532 | D:10     | Noticed a seven-headed hydra
  8533 | D:10     | 8533 ||| INVOKING Fiery Armour.
  8537 | D:10     | Killed a nine-headed hydra
  8538 | D:10     | Reached skill level 15 in Unarmed Combat
  8551 | D:10     | Noticed a two-headed ogre
  8557 | D:10     | Killed a two-headed ogre
  8595 | D:10     | 8595 ||| Stepping ~*~*~tactically~*~*~ (hiding).
  8596 | D:10     | 8596 ||| Stepping ~*~*~tactically~*~*~ (hiding).
  8785 | D:10     | 8785 ||| FLEEEEING.
  9167 | D:10     | 9167 ||| PLANNING LAIR
  9167 | D:10     | 9167 ||| DROPPING +6 ring of intelligence.
  9228 | Lair:1   | Entered Level 1 of the Lair of Beasts
  9273 | Lair:1   | 9273 ||| Stepping ~*~*~tactically~*~*~ (hiding).
  9283 | Lair:1   | Reached skill level 16 in Unarmed Combat
  9312 | Lair:1   | 9312 ||| Stepping ~*~*~tactically~*~*~ (stealth).
  9313 | Lair:1   | 9313 ||| Stepping ~*~*~tactically~*~*~ (stealth).
  9331 | Lair:1   | 9331 ||| Stepping ~*~*~tactically~*~*~ (stealth).
  9439 | Lair:1   | Noticed a wolf spider
  9439 | Lair:1   | Noticed a wolf spider
  9440 | Lair:1   | 9440 ||| INVOKING Fiery Armour.
  9444 | Lair:1   | 9444 ||| Stepping ~*~*~tactically~*~*~ (outnumbered).
  9445 | Lair:1   | 9445 ||| Stepping ~*~*~tactically~*~*~ (outnumbered).
  9451 | Lair:1   | Killed a wolf spider
  9460 | Lair:1   | Killed a wolf spider
  9523 | Lair:1   | 9523 ||| PLANNING TEMPLE
  9523 | Lair:1   | 9523 ||| UPGRADING to +4 ring of evasion.
  9525 | Lair:1   | 9525 ||| DROPPING ring of willpower.
  9700 | Temple   | Entered the Ecumenical Temple
  9775 | Temple   | 9775 ||| PLANNING CONVERSION TO OKAWARU
  9782 | Temple   | Fell from the grace of Ignis
  9782 | Temple   | Became a worshipper of Warmaster Okawaru
  9783 | Temple   | 9783 ||| PLANNING LAIR
  9946 | Lair:1   | Noticed a minotaur
  9946 | Lair:1   | Noticed qw's ghost (journeyman TeWr)
  9955 | Lair:1   | Reached XP level 12. HP: 114/118 MP: 12/12
  9973 | Lair:1   | 9973 ||| Stepping ~*~*~tactically~*~*~ (outnumbered).
  9974 | Lair:1   | 9974 ||| Stepping ~*~*~tactically~*~*~ (outnumbered).
  9975 | Lair:1   | 9975 ||| Stepping ~*~*~tactically~*~*~ (outnumbered).
  9976 | Lair:1   | 9976 ||| Stepping ~*~*~tactically~*~*~ (outnumbered).
  9979 | Lair:1   | 9979 ||| Stepping ~*~*~tactically~*~*~ (outnumbered).
  9987 | Lair:1   | 9987 ||| Stepping ~*~*~tactically~*~*~ (outnumbered).
  9988 | Lair:1   | 9988 ||| Stepping ~*~*~tactically~*~*~ (outnumbered).
  9989 | Lair:1   | 9989 ||| Stepping ~*~*~tactically~*~*~ (outnumbered).
  9990 | Lair:1   | 9990 ||| Stepping ~*~*~tactically~*~*~ (outnumbered).
  9991 | Lair:1   | 9991 ||| Stepping ~*~*~tactically~*~*~ (outnumbered).
  9992 | Lair:1   | 9992 ||| Stepping ~*~*~tactically~*~*~ (outnumbered).
  9993 | Lair:1   | 9993 ||| Stepping ~*~*~tactically~*~*~ (outnumbered).
  9994 | Lair:1   | 9994 ||| Stepping ~*~*~tactically~*~*~ (outnumbered).
  9995 | Lair:1   | 9995 ||| DRINKING 2 potions of cancellation.
  9998 | Lair:1   | 9998 ||| DRINKING potion of cancellation.
 10003 | Lair:1   | Reached * piety under Okawaru
 10004 | Lair:1   | 10004 ||| INVOKING Heroism.
 10010 | Lair:1   | Reached skill level 1 in Invocations
 10018 | Lair:1   | 10018 ||| INVOKING Heroism.
 10057 | Lair:1   | Found a runed translucent gate.
 10058 | Lair:1   | Found a runed translucent gate.
 10059 | Lair:1   | Found a runed translucent gate.
 10347 | Lair:1   | You fall into a shaft and drop 1 floor!
 10350 | Lair:2   | 10350 ||| INVOKING Heroism.
 10369 | Lair:2   | Found a staircase to the Swamp.
 10635 | Lair:1   | 10635 ||| READING scroll of teleportation.
 10681 | Lair:2   | 10681 ||| STAIRDANCE
 10762 | Lair:2   | 10762 ||| STAIRDANCE
 10764 | Lair:1   | 10764 ||| INVOKING Heroism.
 10765 | Lair:1   | 10765 ||| Stepping ~*~*~tactically~*~*~ (outnumbered).
 10766 | Lair:1   | 10766 ||| Stepping ~*~*~tactically~*~*~ (outnumbered).
 10767 | Lair:1   | 10767 ||| Stepping ~*~*~tactically~*~*~ (outnumbered).
 10768 | Lair:1   | 10768 ||| Stepping ~*~*~tactically~*~*~ (outnumbered).
 10769 | Lair:1   | 10769 ||| Stepping ~*~*~tactically~*~*~ (outnumbered).
 10770 | Lair:1   | 10770 ||| Stepping ~*~*~tactically~*~*~ (outnumbered).
 10771 | Lair:1   | 10771 ||| Stepping ~*~*~tactically~*~*~ (outnumbered).
 10772 | Lair:1   | 10772 ||| Stepping ~*~*~tactically~*~*~ (outnumbered).
 10775 | Lair:1   | 10775 ||| Stepping ~*~*~tactically~*~*~ (outnumbered).
 10777 | Lair:1   | 10777 ||| Stepping ~*~*~tactically~*~*~ (outnumbered).
 10777 | Lair:1   | You fall into a shaft and drop 1 floor!
 10777 | Lair:2   | Found a staircase to the Snake Pit.
 10784 | Lair:2   | 10784 ||| INVOKING Heroism.
 10792 | Lair:2   | You fall into a shaft and drop 2 floors!
 10793 | Lair:4   | 10793 ||| PLANNING GAUNTLET
 10793 | Lair:4   | 10793 ||| Stepping ~*~*~tactically~*~*~ (outnumbered).
 10799 | Lair:4   | 10799 ||| Stepping ~*~*~tactically~*~*~ (outnumbered).
 10803 | Lair:4   | HP: 29/118 [blink frog (6)]
 10804 | Lair:4   | 10804 ||| DRINKING 2 potions of heal wounds.
 10805 | Lair:4   | Noticed a five-headed hydra
 10806 | Lair:4   | 10806 ||| INVOKING Heroism.
 10809 | Lair:4   | 10809 ||| Stepping ~*~*~tactically~*~*~ (outnumbered).
 10811 | Lair:4   | Reached skill level 3 in Invocations
 10811 | Lair:4   | 10811 ||| Stepping ~*~*~tactically~*~*~ (outnumbered).
 10811 | Lair:4   | HP: 25/118 [yak (7)]
 10812 | Lair:4   | 10812 ||| DRINKING potion of heal wounds.
 10813 | Lair:4   | 10813 ||| Stepping ~*~*~tactically~*~*~ (outnumbered).
 10816 | Lair:4   | Reached ** piety under Okawaru
 10817 | Lair:4   | HP: 17/118 [blink frog (4)]
 10820 | Lair:4   | Killed a six-headed hydra
 10825 | Lair:4   | Reached skill level 17 in Unarmed Combat
 10833 | Lair:4   | 10833 ||| INVOKING Heroism.
 10905 | Lair:4   | 10905 ||| Stepping ~*~*~tactically~*~*~ (stealth).
 10907 | Lair:4   | 10907 ||| Stepping ~*~*~tactically~*~*~ (stealth).
 10909 | Lair:4   | 10909 ||| Stepping ~*~*~tactically~*~*~ (stealth).
 10911 | Lair:4   | 10911 ||| INVOKING Heroism.
 10918 | Lair:4   | 10918 ||| Stepping ~*~*~tactically~*~*~ (stealth).
 10932 | Lair:4   | Reached *** piety under Okawaru
 10937 | Lair:4   | 10937 ||| INVOKING Heroism.
 10979 | Lair:4   | 10979 ||| Stepping ~*~*~tactically~*~*~ (stealth).
 10982 | Lair:4   | 10982 ||| Stepping ~*~*~tactically~*~*~ (stealth).
 10984 | Lair:4   | 10984 ||| Stepping ~*~*~tactically~*~*~ (stealth).
 10990 | Lair:4   | 10990 ||| INVOKING Heroism.
 10993 | Lair:4   | Noticed an eight-headed hydra
 11008 | Lair:4   | Killed a 12-headed hydra
 11011 | Lair:4   | Reached skill level 18 in Unarmed Combat
 11039 | Lair:4   | 11039 ||| Stepping ~*~*~tactically~*~*~ (outnumbered).
 11061 | Lair:4   | 11061 ||| Stepping ~*~*~tactically~*~*~ (stealth).
 11062 | Lair:4   | 11062 ||| Stepping ~*~*~tactically~*~*~ (stealth).
 11065 | Lair:4   | 11065 ||| Stepping ~*~*~tactically~*~*~ (stealth).
 11081 | Lair:4   | 11081 ||| Stepping ~*~*~tactically~*~*~ (stealth).
 11130 | Lair:4   | 11130 ||| Stepping ~*~*~tactically~*~*~ (stealth).
 11132 | Lair:4   | 11132 ||| Stepping ~*~*~tactically~*~*~ (stealth).
 11133 | Lair:4   | 11133 ||| INVOKING Heroism.
 11145 | Lair:4   | Reached XP level 13. HP: 123/124 MP: 13/15
 11145 | Lair:4   | 11145 ||| Stepping ~*~*~tactically~*~*~ (hiding).
 11151 | Lair:4   | Reached **** piety under Okawaru
 11182 | Lair:4   | 11182 ||| Stepping ~*~*~tactically~*~*~ (stealth).
 11184 | Lair:4   | 11184 ||| INVOKING Heroism.
 11226 | Lair:4   | 11226 ||| Stepping ~*~*~tactically~*~*~ (stealth).
 11229 | Lair:4   | 11229 ||| Stepping ~*~*~tactically~*~*~ (stealth).
 11230 | Lair:4   | 11230 ||| INVOKING Heroism.
 11250 | Lair:4   | 11250 ||| Stepping ~*~*~tactically~*~*~ (stealth).
 11252 | Lair:4   | Found a gate leading to a gauntlet.
 11262 | Lair:4   | 11262 ||| DROPPING scarf of harm.
 11267 | Lair:4   | 11267 ||| Stepping ~*~*~tactically~*~*~ (stealth).
 11274 | Lair:4   | 11274 ||| Stepping ~*~*~tactically~*~*~ (stealth).
 11298 | Lair:4   | 11298 ||| INVOKING Heroism.
 11301 | Lair:4   | 11301 ||| Stepping ~*~*~tactically~*~*~ (stealth).
 11306 | Lair:4   | 11306 ||| Stepping ~*~*~tactically~*~*~ (stealth).
 11314 | Lair:4   | 11314 ||| Stepping ~*~*~tactically~*~*~ (stealth).
 11315 | Lair:4   | 11315 ||| Stepping ~*~*~tactically~*~*~ (stealth).
 11316 | Lair:4   | 11316 ||| Stepping ~*~*~tactically~*~*~ (stealth).
 11317 | Lair:4   | 11317 ||| Stepping ~*~*~tactically~*~*~ (stealth).
 11331 | Lair:4   | 11331 ||| INVOKING Heroism.
 11341 | Gauntlet | Entered a Gauntlet
 11341 | Gauntlet | Found a large runed translucent door.
 11341 | Gauntlet | Found a large runed translucent door.
 11341 | Gauntlet | Found a large runed translucent door.
 11341 | Gauntlet | Found a large runed translucent door.
 11341 | Gauntlet | Found a large runed translucent door.
 11341 | Gauntlet | Found a large runed translucent door.
 11341 | Gauntlet | Found a large runed translucent door.
 11341 | Gauntlet | Found a large runed translucent door.
 11341 | Gauntlet | Found a runed translucent door.
 11341 | Gauntlet | Found a runed translucent gate.
 11341 | Gauntlet | Found a transporter.
 11341 | Gauntlet | Found a transporter.
 11341 | Gauntlet | Found a runed translucent gate.
 11341 | Gauntlet | Found a transporter.
 11347 | Gauntlet | Found a transporter.
 11350 | Gauntlet | Found a transporter.
 11350 | Gauntlet | Found a transporter.
 11360 | Gauntlet | Found a transporter.
 11364 | Gauntlet | Found a transporter.
 11374 | Gauntlet | Found a transporter.
 11417 | Gauntlet | Found the +0 pair of fencer's gloves {Riposte Dex+3}
 11468 | Gauntlet | Found a runed translucent door.
 11469 | Gauntlet | Found a large runed translucent door.
 11469 | Gauntlet | Found a large runed translucent door.
 11469 | Gauntlet | Found a large runed translucent door.
 11469 | Gauntlet | Found a large runed translucent door.
 11470 | Gauntlet | Found a large runed translucent door.
 11470 | Gauntlet | Found a large runed translucent door.
 11471 | Gauntlet | Found a large runed translucent door.
 11471 | Gauntlet | Found a large runed translucent door.
 11480 | Gauntlet | Found a runed translucent gate.
 11500 | Gauntlet | Found a transporter.
 11502 | Gauntlet | Found a transporter.
 11510 | Gauntlet | Found a transporter.
 11570 | Gauntlet | 11570 ||| INVOKING Heroism.
 11579 | Gauntlet | 11579 ||| Stepping ~*~*~tactically~*~*~ (cloud).
 11613 | Gauntlet | 11613 ||| INVOKING Heroism.
 11696 | Gauntlet | Identified the +1 hat of Truth {*Slow rElec rCorr Dex+2}
 11700 | Gauntlet | 11700 ||| UPGRADING to +1 hat of Truth {*Slow rElec rCorr
                  | Dex+2}.
 11716 | Gauntlet | 11716 ||| INVOKING Heroism.
 11764 | Gauntlet | Identified the ring of Kebeagga {Fly rC+ rCorr Int+2}
 11766 | Gauntlet | 11766 ||| DROPPING scarf of shadows.
 11767 | Gauntlet | 11767 ||| UPGRADING to ring of Kebeagga {Fly rC+ rCorr
                  | Int+2}.
 11769 | Gauntlet | 11769 ||| UPGRADING to +2 hat.
 11792 | Gauntlet | Noticed a minotaur
 11793 | Gauntlet | 11793 ||| INVOKING Heroism.
 11800 | Gauntlet | Killed a minotaur
 11840 | Lair:4   | 11840 ||| PLANNING LAIR
 11844 | Lair:3   | 11844 ||| Stepping ~*~*~tactically~*~*~ (stealth).
 11845 | Lair:3   | 11845 ||| Stepping ~*~*~tactically~*~*~ (stealth).
 11913 | Lair:3   | 11913 ||| INVOKING Heroism.
 11916 | Lair:3   | 11916 ||| Stepping ~*~*~tactically~*~*~ (stealth).
 11982 | Lair:3   | 11982 ||| INVOKING Heroism.
 12058 | Lair:2   | 12058 ||| Stepping ~*~*~tactically~*~*~ (stealth).
 12059 | Lair:2   | 12059 ||| Stepping ~*~*~tactically~*~*~ (stealth).
 12060 | Lair:2   | 12060 ||| Stepping ~*~*~tactically~*~*~ (stealth).
 12061 | Lair:2   | 12061 ||| Stepping ~*~*~tactically~*~*~ (stealth).
 12101 | Lair:2   | Identified the +4 flail of Instinct {vorpal, rPois Dex+7}
 12151 | Lair:2   | 12151 ||| Stepping ~*~*~tactically~*~*~ (stealth).
 12157 | Lair:2   | 12157 ||| INVOKING Heroism.
 12170 | Lair:2   | Received a gift from Okawaru
 12175 | Lair:2   | Reached skill level 6 in Invocations
 12196 | Lair:2   | 12196 ||| Stepping ~*~*~tactically~*~*~ (stealth).
 12198 | Lair:2   | 12198 ||| Stepping ~*~*~tactically~*~*~ (hiding).
 12199 | Lair:2   | 12199 ||| INVOKING Heroism.
 12206 | Lair:2   | 12206 ||| Stepping ~*~*~tactically~*~*~ (stealth).
 12210 | Lair:2   | 12210 ||| Stepping ~*~*~tactically~*~*~ (stealth).
 12217 | Lair:2   | 12217 ||| Stepping ~*~*~tactically~*~*~ (stealth).
 12218 | Lair:2   | 12218 ||| Stepping ~*~*~tactically~*~*~ (stealth).
 12230 | Lair:2   | 12230 ||| Stepping ~*~*~tactically~*~*~ (outnumbered).
 12282 | Lair:2   | 12282 ||| Stepping ~*~*~tactically~*~*~ (hiding).
 12301 | Lair:2   | You are sucked into a shaft and drop 1 floor!
 12329 | Lair:2   | 12329 ||| Stepping ~*~*~tactically~*~*~ (stealth).
 12342 | Lair:2   | 12342 ||| Stepping ~*~*~tactically~*~*~ (stealth).
 12362 | Lair:2   | 12362 ||| Stepping ~*~*~tactically~*~*~ (hiding).
 12364 | Lair:2   | 12364 ||| Stepping ~*~*~tactically~*~*~ (hiding).
 12366 | Lair:2   | 12366 ||| Stepping ~*~*~tactically~*~*~ (hiding).
 12518 | Lair:2   | Received a gift from Okawaru
 12524 | Lair:2   | Reached ***** piety under Okawaru
 12592 | Lair:2   | You are sucked into a shaft and drop 1 floor!
 12592 | Lair:3   | Was forgiven by Ignis
 12593 | Lair:3   | 12593 ||| INVOKING Heroism.
 12594 | Lair:3   | 12594 ||| Stepping ~*~*~tactically~*~*~ (outnumbered).
 12595 | Lair:3   | 12595 ||| Stepping ~*~*~tactically~*~*~ (outnumbered).
 12596 | Lair:3   | 12596 ||| Stepping ~*~*~tactically~*~*~ (outnumbered).
 12597 | Lair:3   | 12597 ||| Stepping ~*~*~tactically~*~*~ (outnumbered).
 12599 | Lair:3   | 12599 ||| Stepping ~*~*~tactically~*~*~ (outnumbered).
 12601 | Lair:3   | 12601 ||| Stepping ~*~*~tactically~*~*~ (outnumbered).
 12607 | Lair:3   | 12607 ||| Stepping ~*~*~tactically~*~*~ (outnumbered).
 12608 | Lair:3   | 12608 ||| Stepping ~*~*~tactically~*~*~ (outnumbered).
 12609 | Lair:3   | 12609 ||| Stepping ~*~*~tactically~*~*~ (outnumbered).
 12613 | Lair:3   | 12613 ||| Stepping ~*~*~tactically~*~*~ (outnumbered).
 12614 | Lair:3   | 12614 ||| Stepping ~*~*~tactically~*~*~ (outnumbered).
 12615 | Lair:3   | 12615 ||| Stepping ~*~*~tactically~*~*~ (outnumbered).
 12616 | Lair:3   | 12616 ||| Stepping ~*~*~tactically~*~*~ (outnumbered).
 12621 | Lair:3   | HP: 26/127 [wolf (9)]
 12622 | Lair:3   | 12622 ||| DRINKING potion of heal wounds.
 12626 | Lair:3   | HP: 14/127 [poisoned by a water moccasin]
 12627 | Lair:3   | Mangled by a wolf

Levels and vault maps discovered:
D:1:      dpeg_arrival_another_circle, layout_basic,
          hellmonk_ecumenical_altar_heavens_door, minmay_hexomino_r4
D:2:      layout_basic, uniq_jessica, uniq_robin, uniq_crazy_yiuf_cottage
D:3:      layout_loops_corners
D:4:      layout_rooms, kennysheep_little_box, gammafunk_ghost_nasty_kobolds,
          minmay_distorted
D:5:      layout_basic, serial_shops, nicolae_shop_hallway_stairs,
          minmay_door_square
D:6:      layout_loops_ring, minmay_temple_entry_slanted,
          gammafunk_ghost_abyssal_escape, kennysheep_flooded_box
D:7:      layout_basic, columned_hall_lemuel, minmay_increasing_density
D:8:      layout_gridville
D:9:      gammafunk_cloud_chamber, layout_loops_cross,
          grunt_temple_overflow_open, special_room [special_room_orc],
          uniq_gastronok, uniq_pikel, uniq_psyche
D:10:     wad_arrow_thing, layout_basic, lair_entry_dummy, david_orc_4
Temple:   nicolae_temple_superstar
Lair:1:   layout_regular_city, maelrawn_ghost_gauntlet_escape,
          nicolae_lair_run_with_the_wolves
Lair:2:   layout_roguey, skrybe_swamp_entry_bodies, guppyfry_snake_entry_island,
          nicolae_volcano_entry_two_sided, st_stairs_13
Lair:3:   layout_regular_city
Lair:4:   layout_misc_corridors, gauntlet_entry_generic,
          chequers_serial_rivers_room_b, minmay_hedge_maze

Skill      XL: |  1  2  3  4  5  6  7  8  9 10 11 12 13 |
---------------+----------------------------------------+-----
Unarmed Combat | 4 5 6 7 8 10 12 14 16 18 | 18.5
Throwing       | 2 3 5 7 |  7.5
Fighting       | 3 4 5 6 7 8 |  8.0
Dodging        | 1 2 |  2.3
Armour         | 2 |  2.1
Invocations    | 4 6 |  6.7
Spellcasting   | |  1.0
Fire Magic     | |  2.1

Action                   |  1- 3 |  4- 6 |  7- 9 | 10-12 | 13-15 || total
-------------------------+-------+-------+-------+-------+-------++-------
Melee: Unarmed           |    92 |   111 |   239 |   467 |   165 ||  1074
       Punch             |     1 |     3 |     3 |    30 |    12 ||    49
Throw: Large rock        |       |    27 |    27 |    64 |    11 ||   129
       Boomerang         |       |     2 |     1 |     5 |    25 ||    33
       Javelin           |       |       |       |       |    25 ||    25
Invok: Fiery Armour      |     1 |       |     3 |     8 |       ||    12
       Heroism           |       |       |       |    11 |    13 ||    24
  Use: Scroll            |     4 |     9 |     7 |     3 |       ||    23
       Potion            |       |     3 |     1 |     8 |     1 ||    13
Armor: Robe              |    48 |    28 |   112 |    48 |       ||   236
       Troll leather arm |       |       |       |   152 |    30 ||   182
Dodge: Dodged            |    30 |    36 |    95 |   216 |    88 ||   465

Table legend:
 A = Non-vault XP
 B = Vault XP
 C = Vault XP percentage of total XP
 D = Non-vault monster count
 E = Vault monster count
 F = Vault count percentage of total count
                 A         B        C        D         E       F
            +---------+---------+-------+---------+---------+-------
      Total |   39981 |   14250 |  26.3 |     305 |     103 |  25.2
            +---------+---------+-------+---------+---------+-------
        D:1 |      27 |      12 |  30.8 |      16 |       6 |  27.3
        D:2 |      87 |      72 |  45.3 |      16 |      12 |  42.9
        D:3 |      19 |       0 |   0.0 |      10 |       0 |   0.0
        D:4 |     292 |       0 |   0.0 |      18 |       0 |   0.0
        D:5 |     375 |       0 |   0.0 |      10 |       0 |   0.0
        D:6 |    1257 |       0 |   0.0 |      28 |       0 |   0.0
        D:7 |    1082 |     828 |  43.4 |      23 |       8 |  25.8
        D:8 |    1764 |       0 |   0.0 |      28 |       0 |   0.0
        D:9 |    1355 |    2843 |  67.7 |      19 |      27 |  58.7
       D:10 |    2925 |    4480 |  60.5 |      25 |      29 |  53.7
     Lair:1 |    7669 |    1646 |  17.7 |      22 |       7 |  24.1
     Lair:2 |    6482 |    1102 |  14.5 |      29 |       4 |  12.1
     Lair:3 |    2651 |       0 |   0.0 |      11 |       0 |   0.0
     Lair:4 |   13996 |       0 |   0.0 |      50 |       0 |   0.0
   Gauntlet |       0 |    3267 | 100.0 |       0 |      10 | 100.0
            +---------+---------+-------+---------+---------+-------
